 Dungeon Crawl Stone Soup version 0.30.1-9-gdf580d7c3d (webtiles) character file.

Game seed: 17545696156065857735

1644 booth the Cleaver (level 8, -4/49 (65) HPs)
             Began as a Demonspawn Monk on Oct 7, 2023.
             Shot with an arrow by a centaur (7 damage)
             ... on level 6 of the Dungeon.
             The game lasted 00:36:58 (5570 turns).

booth the Cleaver (Demonspawn Monk)                 Turns: 5570, Time: 00:36:59

HP:   -4/49 (65)    AC:  8    Str: 13    XL:     8   Next: 67%
MP:   8/8           EV: 13    Int: 15    God:
Gold: 217           SH:  0    Dex: 17    Spells: 7/7 levels left

rFire   + . .        a - +2 hand axe
rCold   . . .        (no shield)
rNeg    . . .        b - +0 troll leather armour {Pargi}
rPois   .            (helmet restricted)
rElec   .            m - +0 cloak
rCorr   +            s - +2 pair of gloves
SInv    .            (no boots)
Will    .....        (no amulet)
Stlth   +            o - ring of resist corrosion
HPRegen 1.08/turn    p - ring of protection from fire
MPRegen 0.11/turn

%: no passive effects
@: heavily drained
A: antennae 1, ignite blood 2, big brain 2
a: no special abilities


You were on level 6 of the Dungeon.
You visited 1 branch of the dungeon, and saw 6 of its levels.

You collected 337 gold pieces.
You spent 120 gold pieces at shops.

Inventory:

Hand Weapons
 a - a +2 hand axe (weapon)
 l - a +0 mace
Missiles
 t - 5 boomerangs (quivered)
Armour
 b - a +0 troll leather armour (worn) {Pargi}
 d - an orb of light
 i - a +0 ring mail
 m - a +0 cloak (worn)
 s - a +2 pair of gloves (worn)
Jewellery
 g - a ring of fire
 o - a ring of resist corrosion (left hand)
 p - a ring of protection from fire (right hand)
 w - a ring of willpower
Wands
 q - a wand of flame (12)
Scrolls
 f - 3 scrolls of amnesia
 k - 4 scrolls of teleportation
Potions
 c - 2 potions of ambrosia
 e - 3 potions of mutation
 h - 3 potions of lignification
 j - 3 potions of curing
 n - a potion of might
 r - 3 potions of heal wounds
 u - a potion of flight
 v - a potion of haste {unknown}
 x - a potion of cancellation {unknown}


   Skills:
 + Level 6.8 Fighting
 * Level 8.4 Axes
 - Level 3.9 Dodging


You had 7 spell levels left.
You didn't know any spells.
Your spell library contained the following spells:

 Spells                   Type           Power      Damage    Failure   Level
 Beastly Appendage        Tmut           0%         N/A       34%         1
 Kiss of Death            Conj/Necr      0%         2d5       34%         1
 Cigotuvi's Dreadful Rot  Necr/Pois/Air  0%         N/A       45%         2
 Wereblood                Tmut           0%         N/A       45%         2
 Confusing Touch          Hex            0%         N/A       71%         3
 Dazzling Flash           Conj/Hex       0%         N/A       71%         3
 Gell's Gravitas          Tloc           0%         N/A       71%         3
 Ignite Poison            Fire/Tmut/Pois 0%         N/A       71%         3
 Inner Flame              Hex/Fire       0%         N/A       71%         3
 Ozocubu's Armour         Ice            0%         N/A       71%         3
 Portal Projectile        Hex/Tloc       0%         N/A       71%         3
 Spider Form              Tmut/Pois      0%         N/A       71%         3
 Summon Guardian Golem    Hex/Summ       0%         N/A       71%         3
 Teleport Other           Tloc           0%         N/A       71%         3
 Tukima's Dance           Hex            0%         N/A       71%         3
 Volatile Blastmotes      Fire/Tloc      0%         2d10      71%         3
 Dispel Undead            Necr           0%         3d6       98%         4
 Flame Wave               Conj/Fire      0%         2d4       98%         4
 Iskenderun's Mystic Bla  Conj/Tloc      0%         2d3       98%         4
 Sticky Flame             Conj/Fire      0%         2d3       98%         4
 Blade Hands              Tmut           0%         N/A       100%        5
 Freezing Cloud           Conj/Ice/Air   0%         6-21      100%        5
 Metabolic Englaciation   Hex/Ice        0%         N/A       100%        5
 Dispersal                Tloc           0%         N/A       100%        6
 Simulacrum               Ice/Necr       0%         N/A       100%        6
 Starburst                Conj/Fire      0%         6d3       100%        6
 Orb of Destruction       Conj           0%         9d5       100%        7
 Spellforged Servitor     Conj/Summ      0%         N/A       100%        7


Dungeon Overview and Level Annotations

Branches:
Dungeon (6/15)
 Temple: D:4-7

Altars:
Cheibriados
Hepliaklqana
Nemelex Xobeh
Vehumet

Shops:
D:4 *[


Innate Abilities, Weirdness & Mutations

You have a pair of small antennae on your head.
Your demonic aura often causes spilled blood to erupt in flames.
You have an extremely huge brain. (Int +4)


Message History

The phantom barely misses you.
You slash the phantom!
You destroy the phantom!
You start resting.
HP restored.
A centaur comes into view.
The centaur shouts!
The centaur wields a +1 shortbow of draining.
You sense an unholy aura.
The centaur shoots an arrow.
The arrow hits you!
You feel drained.
The centaur shoots an arrow.
The arrow hits you.
You feel drained.
The centaur shoots an arrow.
The arrow hits you!
You feel drained.
The centaur shoots an arrow.
The arrow hits you!
You feel drained.
The centaur shoots an arrow.
The arrow misses you.
The centaur shoots an arrow.
The arrow hits you.
You feel drained.
The centaur shoots an arrow.
The arrow hits you.
You feel drained.
Throw: 5 boomerangs
Press: ? - help, Q - select action, (/) - cycle Shift-Dir - straight line, f - centaur
Aim: a centaur, wielding a +1 shortbow of draining (73% to hit)
You throw a boomerang.
The boomerang hits the centaur but does no damage.
The centaur shoots an arrow.
The arrow hits you!
* * * LOW HITPOINT WARNING * * *
You feel drained.
* * * LOW HITPOINT WARNING * * *
Throw: 5 boomerangs
Press: ? - help, Q - select action, (/) - cycle Shift-Dir - straight line, f/p - centaur
Aim: a centaur, wielding a +1 shortbow of draining (73% to hit)
You throw a boomerang. The boomerang hits the centaur.
The centaur is lightly wounded.
The centaur shoots an arrow.
The arrow hits you.
* * * LOW HITPOINT WARNING * * *
You feel drained.
* * * LOW HITPOINT WARNING * * *
The centaur shoots an arrow.
The arrow hits you.
* * * LOW HITPOINT WARNING * * *
You feel drained.
* * * LOW HITPOINT WARNING * * *
The centaur shoots an arrow.
The arrow hits you!
You die...

#.........#.....
##..............
##......##.....
#.............
#.............
###.............
####..##..........#
##°○.°......###...##
#..@........#...####
#................###
##................##
...c...............#
.......^...........##
#....#..............##
#.....................
##... .........####...
.........####...


You could see a centaur.

Vanquished Creatures
  Pargi (D:3)
  A water moccasin (D:5)
  An orc warrior (D:6)
  2 black bears (D:5)
  2 centaurs (D:6)
  A phantom (D:6)
  Blork the orc (D:4)
  3 bullfrogs (D:6)
  4 jellies
  Crazy Yiuf (D:2)
  5 hounds
  3 orc priests
  3 iguanas
  2 orc wizards
  4 adders
  2 white imps
  3 dart slugs
  13 orcs
  2 endoplasms
  2 giant cockroaches
  5 goblins
  5 hobgoblins
  8 jackals
  6 kobolds
  4 quokkas
  5 ball pythons
  5 bats (D:1)
  3 frilled lizards (D:1)
  3 rats
100 creatures vanquished.

Notes
Turn   | Place    | Note
-------+----------+-------------------------------------------
     0 | D:1      | booth the Demonspawn Monk began the quest for the Orb.
     0 | D:1      | Reached XP level 1. HP: 18/18 MP: 1/1
   371 | D:1      | Reached skill level 3 in Axes
   377 | D:1      | Gained mutation: Your demonic aura sometimes causes spilled
                  | blood to erupt in flames. [demonic ancestry]
   377 | D:1      | Reached XP level 2. HP: 24/24 MP: 2/2
  1074 | D:2      | Reached XP level 3. HP: 27/29 MP: 3/3
  1472 | D:2      | Identified the +7 falchion of Greed {spect, Int+2}
  1494 | D:2      | Found a runed translucent door.
  1495 | D:2      | Noticed Crazy Yiuf
  1896 | D:2      | Killed Crazy Yiuf
  1897 | D:2      | Reached XP level 4. HP: 27/35 MP: 4/4
  1955 | D:3      | Noticed Pargi
  1955 | D:3      | Found a hazy altar of Hepliaklqana.
  1955 | D:3      | Found a sparkling altar of Nemelex Xobeh.
  1969 | D:3      | Killed Pargi
  1970 | D:3      | Reached skill level 4 in Axes
  1970 | D:3      | Gained mutation: You have an unusually large brain. (Int
                  | +2) [demonic ancestry]
  1970 | D:3      | Reached XP level 5. HP: 28/42 MP: 5/5
  2411 | D:3      | Found a snail-covered altar of Cheibriados.
  3224 | D:4      | Found Qinur's Antique Armour Shoppe.
  3267 | D:4      | Found Tastego's General Store.
  3278 | D:4      | Bought 2 potions of heal wounds for 120 gold pieces
  3343 | D:4      | Noticed Blork the orc
  3364 | D:4      | Killed Blork the orc
  3365 | D:4      | Gained mutation: You have a pair of small antennae on your
                  | head. [demonic ancestry]
  3365 | D:4      | Reached XP level 6. HP: 40/48 MP: 6/6
  3928 | D:5      | Entered Level 5 of the Dungeon
  3938 | D:5      | Reached skill level 5 in Axes
  4077 | D:5      | Gained mutation: You have an extremely huge brain. (Int +4)
                  | [demonic ancestry]
  4077 | D:5      | Reached XP level 7. HP: 55/55 MP: 7/7
  4281 | D:5      | Reached skill level 5 in Fighting
  4390 | D:5      | Reached skill level 6 in Axes
  4396 | D:5      | Found a radiant altar of Vehumet.
  4493 | D:5      | Identified the +0 ring mail of the Pink Corner {*Slow
                  | Will++ Str+2}
  5038 | D:6      | Reached skill level 7 in Axes
  5038 | D:6      | Gained mutation: Your demonic aura often causes spilled
                  | blood to erupt in flames. [demonic ancestry]
  5038 | D:6      | Reached XP level 8. HP: 64/64 MP: 8/8
  5213 | D:6      | Reached skill level 8 in Axes
  5570 | D:6      | Shot with an arrow by a centaur

Illustrated notes

Levels and vault maps discovered:
D:1:      tekkud_arrival_beachfront_property, layout_basic
D:2:      layout_basic, uniq_crazy_yiuf_cottage
D:3:      layout_loops_corners, grunt_temple_overflow_open, minitemple,
          supply_closet_lemuel, uniq_pargi
D:4:      layout_basic, serial_shops, nicolae_shop_overgrown_old_shop, shop,
          uniq_blork_the_orc
D:5:      layout_gridville, vehumet_altar_wand_db, kennysheep_generic_room_15
D:6:      layout_cave_pools

Skill      XL: |  1  2  3  4  5  6  7  8 |
---------------+-------------------------+-----
Axes           | 3 4 5 7 8 |  8.4
Dodging        | 3 |  3.9
Fighting       | 4 5 6 |  6.8

Action                     |  1- 3 |  4- 6 |  7- 9 || total
---------------------------+-------+-------+-------++-------
  Melee: Hand axe          |    99 |   100 |   152 ||   351
  Throw: Boomerang         |       |     3 |     5 ||     8
    Use: Scroll            |     5 |     9 |     1 ||    15
         Potion            |     1 |     1 |       ||     2
 Armour: Robe              |    11 |       |       ||    11
         Leather armour    |     8 |     7 |       ||    15
         Troll leather arm |       |    15 |    45 ||    60
  Dodge: Dodged            |    73 |    85 |    94 ||   252
